 Dungeon Crawl Stone Soup version 0.30-a0-358-g0d69a1922f (webtiles) character file.

Game seed: 923099203738343596

7 blackman the Sneak (level 2, -3/24 HPs)
             Began as a Human Delver on Nov 8, 2022.
             Slain by a river rat (7 damage)
             ... in a sewer.
             The game lasted 00:00:14 (99 turns).

blackman the Sneak (Human Delver)                     Turns: 99, Time: 00:00:14

Health: -3/24      AC:  3    Str: 12    XL:     2   Next: 5%
Magic:  2/2        EV: 12    Int: 10    God:
Gold:   0          SH:  0    Dex: 14    Spells: 1/1 levels left

rFire   . . .      SeeInvis .    a - +0 falchion
rCold   . . .      Faith    .    (no shield)
rNeg    . . .      Spirit   .    b - +0 leather armour
rPois   .          Reflect  .    (no helmet)
rElec   .          Harm     .    (no cloak)
rCorr   .          Rampage  .    (no gloves)
Will    .....                    (no boots)
Stlth   +++.......               (no amulet)
HPRegen 0.24/turn                (no ring)
MPRegen 0.08/turn                (no ring)

@: hasted, very quick
A: no striking features
a: no special abilities


You were in a sewer.
You visited 1 branch of the dungeon, and saw 1 of its levels.
You also visited: Sewer.

Inventory:

Hand Weapons
 a - a +0 falchion (weapon)
Armour
 b - a +0 leather armour (worn)
Wands
 g - a wand of digging (3)
Scrolls
 c - a scroll of fog
 d - a scroll of magic mapping
 e - a scroll of fear


   Skills:
 - Level 3.0 Fighting
 + Level 2.6 Long Blades
 - Level 2.0 Dodging
 - Level 5.0 Stealth


You had one spell level left.
You didn't know any spells.
Your spell library was empty.

Dungeon Overview and Level Annotations

Branches:
Dungeon (5/15)              Sewer (1/1)
 Temple: D:4-7

Altars:


Message History

You have reached level 2!
You hear the slow rusting of a drain.
HP restored.
Key pressed, stopping explore.
There is a stone staircase leading down here.
Found a stone staircase leading up.
Unknown command.
There is a stone staircase leading down here.
You enter the shallow water.
Moving in this stuff is going to be slow.
You see here a quokka corpse.
There is a glowing drain here.
The world spins around you as you enter the gateway.
You enter a sewer!
Found a gate leading back out of this place.
There is an empty arch of ancient stone here.
There are monsters nearby!
The helpless river rat fails to defend itself.
You hit the river rat.
The river rat is moderately wounded.
The river rat bites you.
You completely miss the river rat.
The river rat is moderately wounded.
The river rat closely misses you.
You hit the river rat but do no damage.
The river rat is moderately wounded.
The river rat barely misses you.
You hit the river rat but do no damage.
The river rat is moderately wounded.
The river rat misses you. The river rat bites you.
You hit the river rat.
The river rat is heavily wounded.
The river rat bites you. The river rat barely misses you.
You feel yourself speed up. The river rat closely misses you.
The river rat bites you!
* * * LOW HITPOINT WARNING * * *
You hit the river rat.
The river rat is severely wounded.
The river rat bites you!
You die... ################# r.r...∩∩r@rrr.~~~ #################

You could see 3 river rats and 2 rats.

Vanquished Creatures
  A giant cockroach (D:5)
  4 quokkas (D:5)
5 creatures vanquished.

Notes
Turn   | Place    | Note
-------+----------+-------------------------------------------
     0 | D:5      | blackman the Human Delver began the quest for the Orb.
     0 | D:5      | Reached XP level 1. HP: 18/18 MP: 1/1
     1 | D:5      | Found a glowing drain.
    34 | D:5      | Reached XP level 2. HP: 15/24 MP: 2/2
    90 | Sewer    | Entered a sewer
    99 | Sewer    | Slain by a river rat

Illustrated notes

Levels and vault maps discovered:
D:5:      layout_loops_ring, doesnt_xom_only_xom, portal_sewer_entry_f,
          uniq_ijyb
Sewer:    sewer_kobolds

Action                   || total
-------------------------++-------
Melee: Falchion          ||    33
  Use: Potion            ||     1
 Stab: Sleeping          ||     1
Armor: Leather armour    ||    11
Dodge: Dodged            ||    20

Table legend: (Time is in decaauts)
 A = Elapsed time spent in this place.
 B = Non-inter-level travel time spent in this place.
 C = Inter-level travel time spent in this place.
 D = Time resting spent in this place.
 E = Time spent auto-exploring this place.
 F = Levels seen in this place.
 G = Mean time per level.
                   A        B        C        D        E       F      G
               +--------+--------+--------+--------+--------+-----+--------+
         Total |    109 |     97 |     12 |      0 |     45 |   2 |   54.5 |
       Dungeon |     99 |     87 |     12 |      0 |     45 |   1 |   99.0 |
         Sewer |      9 |      9 |      0 |      0 |      0 |   1 |    9.0 |
               +--------+--------+--------+--------+--------+-----+--------+

Top non-repeatable levels by time:
     D:5: 99 daAuts
   Sewer: 9 daAuts
